puck, lawful female human Valkyrie ------+--- ------- |.......@| |......######### ---------- |......a.| |.....| #.........| ----------- |.......d| |.....| #|........| ##+.........| |........| |......# #|..(.....| # |.........| |........-###########|.....|# #|........|#####-.........| |........| #......|## #|.........# # |.......>.| -.------|- -------## #----------# # --------|-- #%# ## #####%%#############`## # # # # # # # # # ### ### # # #### # # # # # # #-----# # #% # ### # #....-# # -.--------.---- # ################|...| ## |....{........| ###-------# #....| ----.------ |........)....+#######################|.....|# |...| |......{..| |.............| |.....-# --|-- |.........| |..............###### |.....| # |.........| --------------- ------- ----------- puck the Fighter Experience level: 8 Strength: 14 Dexterity: 12 Constitution: 17 Intelligence: 7 Wisdom: 11 Charisma: 9 Health: 0(58) Energy: 21(21) Def: 8 Gold: 444 Moves: 6661 Dungeon seed: qb2T3XW6D8IB2x3u Game ID: puck_1559429865 Your Inventory: Coins $ - 444 gold pieces Weapons a - the blessed rustproof +1 Excalibur (alternate weapon; not wielded) b - an uncursed +0 dagger named poking piece of iron (weapon in hand) s - 8 uncursed +0 daggers (in quiver) Armor e - an uncursed +3 small shield (being worn) n - an uncursed +0 leather armor (being worn) q - a cursed +0 pair of speed boots (being worn) r - an uncursed +0 pair of speed boots y - a cursed +0 cloak of magic resistance (being worn) Comestibles c - 10 uncursed food rations j - an uncursed lichen corpse H - an uncursed banana L - an uncursed male lizard corpse M - 3 uncursed eggs P - an uncursed pancake W - an uncursed lembas wafer Potions w - a cursed potion of object detection F - a blessed potion of see invisible Amulets B - a cursed amulet of ESP (being worn) Wands u - an uncursed wand of striking (0:0) x - an uncursed wand of striking (0:1) I - an uncursed wand of slow monster (0:2) J - an uncursed wand of magic missile (0:2) N - an uncursed wand of digging (0:7) Q - an uncursed wand of polymorph (0:4) R - an uncursed wand of speed monster (0:3) Tools d - an uncursed oil lamp (0:1113) o - a cursed skeleton key t - an uncursed magic whistle T - a cursed tin whistle Spells and supernatural/magical abilities: Name Level Category Cost Memory W - pray for help -- divine ? -- Your skills at the end: Fighting Skills wands [Basic] Weapon Skills dagger [Basic] long sword [Expert] Spellcasting Skills Final Attributes: You were piously aligned. You were immune to cold. You were magic resistant. You were telepathic. You were stealthy. You were slow. Tyr was noncommittal. You are dead. Vanquished creatures: a titan a blue dragon an ettin 3 ghosts a queen bee 2 giant mimics a bone devil a baby long worm a hill giant 2 water demons an elf mummy a wraith 2 chameleons a quivering blob a panther 3 horses an ice vortex a brown pudding a lizard a snake an ape a rope golem 5 fire ants a bugbear an imp 2 quasits a wood nymph a water nymph 2 rock piercers a rock mole a yellow light a violet fungus 6 gnome lords 2 gnomish wizards a golden naga hatchling a gray ooze 2 baby crocodiles 7 giant ants a little dog 3 floating eyes a kitten 2 dwarves 2 homunculi a kobold lord 2 kobold shamans 4 rothes a giant bat an orc zombie 2 wererats a werejackal an iguana 5 coyotes 2 gas spores 2 hobbits 4 manes a hobgoblin 3 giant rats 5 cave spiders 2 brown molds 3 red molds 21 gnomes 2 garter snakes a gecko 12 jackals 6 foxes a kobold 2 goblins 2 sewer rats 7 grid bugs 5 bats 3 lichens 13 newts 188 creatures vanquished. Voluntary challenges: You had been an atheist until turn 3761. You used a wielded weapon 250 times, starting on turn 58. You were illiterate. You never genocided any monsters. You never polymorphed an object. You never changed form. You used no wishes. You never split a pudding. You never wrote Elbereth's name. You never violated your personal moral code. Dungeon overview: The Dungeons of Doom: levels 1 to 10 Level 1 some fountains a long staircase Level 2 some fountains Level 3 a sink Level 4 a fountain stairs to The Gnomish Mines Level 5 Level 6 some fountains Level 7 a fountain stairs to Sokoban Level 8 Level 9 <- You were here some fountains Level 10 a weapon shop, a fountain, a sink The Gnomish Mines: levels 5 to 9 Level 5 stairs to The Dungeons of Doom Level 6 Level 7 many shops, a temple to Tyr, some fountains, a sink Level 8 Level 9 Sokoban: levels 3 to 6 Level 3 Solved Level 4 Solved Level 5 Solved Level 6 Solved stairs to The Dungeons of Doom History has recorded: On T:1 you entered the Dungeons of Doom to retrieve the Amulet of Yendor! On T:388 you reached level 2 of The Dungeons of Doom. On T:619 you advanced to experience level 2. On T:785 you reached level 3 of The Dungeons of Doom. On T:855 you reached level 4 of The Dungeons of Doom. On T:1041 you advanced to experience level 3. On T:1068 you reached level 5 of The Dungeons of Doom. On T:1093 you reached level 6 of The Dungeons of Doom. On T:1165 you advanced to experience level 4. On T:1169 you advanced to experience level 5. On T:1218 you reached level 7 of The Dungeons of Doom. On T:1285 you reached level 4 of Sokoban. On T:1481 you reached level 3 of Sokoban. On T:1888 you reached level 2 of Sokoban. On T:2126 you reached level 1 of Sokoban. On T:2171 you advanced to experience level 6. On T:3018 you advanced to experience level 7. On T:3470 you reached level 1 of The Gnomish Mines. On T:3501 you reached level 2 of The Gnomish Mines. On T:3562 you reached level 3 of The Gnomish Mines. On T:4221 you reached level 4 of The Gnomish Mines. On T:4658 you reached level 5 of The Gnomish Mines. On T:4668 you advanced to experience level 8. On T:5795 you reached level 10 of The Dungeons of Doom. On T:6028 you reached level 9 of The Dungeons of Doom. On T:6588 you reached level 8 of The Dungeons of Doom. Score breakdown: Gold: 444 ( 9008 points) Experience: 8 levels (14739 points) Exploration: 10 levels ( 20.00%) (12857 points) Discoveries: 14 items ( 5.60%) ( 7099 points) Valuables value: (no points given unless you survive) Artifact value: 4000 (12253 points) Variety of kills: 72 monsters ( 18.95%) (13058 points) Turncount: 6661 turns (-1778 points) Survival: died (score multiplied by 80%) Total score: 53788 Latest messages: [12 turns] [2 turns] You displace your large dog. The large dog misses the soldier ant. The soldier ant misses the large dog. The soldier ant stings the large dog. The large dog misses the soldier ant. The soldier ant bites the large dog. The soldier ant stings the large dog. The large dog misses the soldier ant. [2 turns] The soldier ant just misses! The soldier ant stings! The soldier ant bites! The soldier ant misses. [2 turns] You feel an absence of magical power. The soldier ant bites! The soldier ant stings! The soldier ant bites! The soldier ant stings! The soldier ant's sting was poisoned! The soldier ant bites! The soldier ant stings! You die... Final status: Farvel puck the Valkyrie, killed by a soldier ant... You died in The Dungeons of Doom on dungeon level 9 with 53788 points, and 444 pieces of gold, after 6661 moves. You were level 8 with a maximum of 58 hit points when you died.